Selects Airborne Battlegroup
Selects Airborne Battlegroup
Selects Airborne Battlegroup
Selects Paratrooper Squad Paradrop
Paratrooper Squad Paradrop
M1918 Browning Automatic Rifles
Construct Medical Station
Selects Anti-tank Gun Team Paradrop
Anti-tank Gun Team Paradrop
Anti-tank Gun Team Paradrop
Selects Paradrop Reinforcements
Paratrooper Squad Paradrop
M4(105) Sherman Bulldozer
Paratrooper Squad Paradrop
M4(105) Sherman Bulldozer
M18 Hellcat Tank Destroyer